 Dungeon Crawl Stone Soup version 0.18-a0-1797-gc18daef (webtiles) character file.

6 M4edhros the Grave Robber (level 1, -1/11 HPs)
             Began as an Octopode Necromancer on Apr 23, 2016.
             Slain by an ooze (4 damage)
             ... on level 2 of the Dungeon.
             The game lasted 00:00:49 (187 turns).

M4edhros the Grave Robber (Octopode Necromancer)     Turns: 187, Time: 00:00:50

Health: -1/11      AC:  1    Str:  7    XL:     1   Next: 90%
Magic:  2/3        EV: 12    Int: 17    God:
Gold:   40         SH:  0    Dex: 12    Spells: 1 memorised, 3 levels left

rFire  . . .     SeeInvis .       - Unarmed
rCold  . . .     Gourm    .     (no shield)
rNeg   . . .     Faith    .     (helmet restricted)
rPois  .         Spirit   .     (no amulet)
rElec  .         Dismiss  .     (no ring)
rCorr  .         Reflect  .     (no ring)
SustAt .         Harm     .     (no ring)
MR     .....                    (no ring)
Stlth  +++.......               (no ring)
                                (no ring)
                                (no ring)
                                (no ring)

@: not resistant to hostile enchantments, fairly stealthy
A: almost no armour, amphibious, 8 rings, constrict 8, camouflage 1, gelatinous
body 1
a: no special abilities


You were on level 2 of the Dungeon.
You were not hungry.

You visited 1 branch of the dungeon, and saw 2 of its levels.

You collected 40 gold pieces.

Inventory:

Scrolls
 e - a scroll of enchant weapon {unknown}
 g - a scroll of fear {unknown}
 h - 2 scrolls of recharging {unknown}
Books
 a - a book of Necromancy

   Spells                             Type                      Level
   a - Pain                           Necromancy                   1
   b - Animate Skeleton               Necromancy                   1
   c - Vampiric Draining              Necromancy                   3
   d - Regeneration                   Charms/Necromancy            3
   e - Animate Dead                   Necromancy                   4
   f - Control Undead                 Necromancy                   4
Comestibles
 b - a bread ration
 c - a beef jerky
 d - a meat ration


   Skills:
 - Level 2.0 Dodging
 - Level 2.6 Stealth
 + Level 1.4 Unarmed Combat
 - Level 2.0 Spellcasting
 - Level 4.0 Necromancy


You had 3 spell levels left.
You knew the following spells:

 Your Spells              Type           Power        Failure   Level  Hunger
a - Pain                  Necr           ###.         3%          1    #......


Dungeon Overview and Level Annotations

Branches:
Dungeon (2/15)

Altars:


Innate Abilities, Weirdness & Mutations

You cannot wear most types of armour.
You are amphibious.
You can wear up to eight rings at the same time.
You can use your tentacles to constrict eight enemies at once.
Your skin changes colour to match your surroundings (Stealth).
Your rubbery body absorbs attacks (AC +1).


Message History

2 jackals come into view.
Found a grey potion. 2 jackals and an ooze come into view.
The ooze quivers.
The ooze jiggles.
Found 2 fruits.
The jackal barely misses you. The jackal completely misses you.
Drink which item? (? for menu, Esc to quit)
It was a potion of curing.
You feel better. The jackal closely misses you. The ooze barely misses you.
The jackal bites you.
There is a stone staircase leading up here.
You closely miss the jackal. You grab the jackal. You constrict the jackal.
The jackal bites you.
You barely miss the ooze. You constrict the jackal. The jackal bites you.
* * * LOW HITPOINT WARNING * * *
The ooze barely misses you. The jackal closely misses you.
You tentacle-slap the ooze but do no damage.
You constrict the jackal. The ooze hits you.
You die...

#### #h... ##.....
########### #h..!..
#.........# #.....h
#.@h......###......
#..J...............
#...........#......
###########........
###...... #......
#...... #......
.......


You could see an ooze and a jackal.

Vanquished Creatures
  A bat (D:1)
  2 giant cockroaches
  A hobgoblin (D:1)
  A kobold (D:1)
5 creatures vanquished.

Notes
Turn   | Place    | Note
--------------------------------------------------------------
     0 | D:1      | M4edhros the Octopode Necromancer began the quest for the Orb.
     0 | D:1      | Reached XP level 1. HP: 11/11 MP: 3/3
    96 | D:1      | Reached skill level 1 in Unarmed Combat
   187 | D:2      | Slain by an ooze

Vault maps used:
D:1:      eino_arrival_water_star, st_stairs_7
D:2:      lemuel_blue_sif_altar, trog_butcher_becter

Skill      XL: |  1 |
---------------+----+-----
Unarmed Combat | 1 |  1.4
Dodging        | |  2.0
Stealth        | |  2.6
Spellcasting   | |  2.0
Necromancy     | |  4.0

Action                   || total
-------------------------++-------
Melee: Unarmed           ||    10
       Constrict         ||     3
 Cast: Pain              ||     6
  Use: Potion            ||     1
 Stab: Sleeping          ||     1
Armor: Skin              ||     1
Dodge: Dodged            ||    12
